 Dungeon Crawl Stone Soup version 0.29.0-4-gdea44cf6ec (webtiles) character file.

Game seed: 9677809943637015889

2438 qw the Cleaver (level 9, -8/54 HPs)
             Began as a Tengu Warper on Aug 28, 2022.
             Was an Initiate of Okawaru.
             Killed by nerve-wracking pain
             ... invoked by a shadow imp
              (13 damage)
             ... on level 7 of the Dungeon.
             The game lasted 00:00:56 (8190 turns).

qw the Cleaver (Tengu Warper)                       Turns: 8190, Time: 00:00:57

Health: -8/54      AC: 10    Str: 14 (15) XL:     9   Next: 49%
Magic:  13/13      EV:  8    Int: 14      God:    Okawaru [......]
Gold:   321        SH:  0    Dex: 13 (14) Spells: 12/12 levels left

rFire   . . .      SeeInvis .   Y - +3 broad axe (elec)
rCold   . . .      Faith    .   (no shield)
rNeg    . . .      Spirit   .   f - +0 chain mail
rPois   .          Reflect  .   (helmet restricted)
rElec   .          Harm     .   e - +0 cloak
rCorr   .          Rampage  .   (no gloves)
Will    .....                   (boots unavailable)
Stlth   ..........              (no amulet)
HPRegen 0.18/turn               (no ring)
MPRegen 0.13/turn               (no ring)

@: lethally poisoned (-8 -> -13), about to teleport, flying quickly and
evasively, mesmerised, quick
A: beak, talons 3, nimble flight
a: Renounce Religion


You were on level 7 of the Dungeon.
You worshipped Okawaru.
Okawaru was noncommittal.
You visited 2 branches of the dungeon, and saw 8 of its levels.

You collected 321 gold pieces.


Innate Abilities, Weirdness & Mutations

You have a beak for a mouth.
You have claws for feet.
Your magical nature lets you fly swiftly and evasively.


   Skills:
 - Level 5.1 Fighting
 - Level 11.8 Axes
 - Level 1.0 Throwing
 - Level 4.4 Armour
 + Level 2.8 Dodging
 - Level 2.0 Spellcasting
 - Level 2.4 Translocations


You had 12 spell levels left.
You didn't know any spells.
Your spell library contained the following spells:

 Spells                   Type           Power      Damage    Failure   Level
 Blink                    Tloc           16%        N/A       96%         2
 Gell's Gravitas          Tloc           8%         N/A       99%         3
 Lesser Beckoning         Tloc           8%         N/A       99%         3
 Teleport Other           Tloc           8%         N/A       99%         3
 Manifold Assault         Tloc           8%         N/A       100%        5

Inventory:

Hand Weapons
 h - a +0 flail
 Y - a +3 broad axe of electrocution (weapon)
Armour
 e - a +0 cloak (worn)
 f - a +0 chain mail (worn)
Scrolls
 j - a scroll of teleportation
 k - 3 scrolls of identify
Potions
 a - a potion of ambrosia {unknown}
 c - a potion of haste
 d - 2 potions of curing
 g - a potion of resistance
 i - a potion of heal wounds

Dungeon Overview and Level Annotations

Branches:
Dungeon (7/15)             Temple (1/1) D:7

Altars:
Ashenzari
Elyvilon
Fedhas
Gozag
Kikubaaqudgha
Nemelex Xobeh
Okawaru
Ru
Sif Muna
Trog
Uskayaw
Vehumet
Xom
Zin
The Shining One

Shops:
D:4 (

Annotations:
D:3 2 runed translucent doors, qw's ghost, weakling TeWr
D:7 Maggie


Message History

Okawaru accepts your kill.
You miss the killer bee. You barely miss the iguana.
The killer bee barely misses you.
An orc comes into view. It is wielding a +0 halberd.
A white imp comes into view.
The iguana bites you!
The killer bee stings you but does no damage.
8188 ||| READING 2 scrolls of teleportation.
As you read the scroll of teleportation, it crumbles to dust.
You feel strangely unstable.
The killer bee stings you but does no damage.
A bullfrog comes into view.
The orc hits you with a +0 short sword. The iguana barely misses you.
A steam dragon comes into view.
The killer bee stings you.
You are lethally poisoned!
The killer bee poisons you!
8189 ||| DRINKING 2 potions of heal wounds.
You feel much better.
You feel sick.
The steam dragon hisses angrily.
The killer bee stings you but does no damage.
A necrophage comes into view.
The orc hits you with a +0 short sword. The iguana bites you!
The shadow imp summons a swarm of flies.
A black bear comes into view.
The orc closely misses you. The killer bee stings you.
You closely miss Maggie.
The black bear growls angrily.
Your kick misses Maggie. You hit the orc. Lightning courses through the orc!
You kill the orc!
You miss the killer bee. You hit the iguana. You barely miss the orc.
You feel sick.
The killer bee stings you but does no damage.
The orc hits you with a +0 dagger. The iguana bites you!
Maggie hits you with a +2 scimitar of flaming.
Maggie burns you. The shadow imp gestures at you.
Pain shoots through your body!
You die...

.....................
...........b.........
.......n.............
#........D..........b
#..##....5o..........
#.. #................
.. #..#....5Jo......
.....#....)@y.$F...
#....####..o@l#.....
##.## ##.o).# ... #..
#..##... . ..
.........#
....5.......
........#......
..##....##..... ##
#..... .....


You could see Maggie (mesmerising), a steam dragon, a necrophage, a bullfrog, an
iguana, a jelly, a killer bee, 2 white imps, a shadow imp and 4 orcs.

Vanquished Creatures
  A water moccasin (D:5)
  2 black bears
  An orc warrior (D:6)
  4 ogres
  A centaur (D:6)
  4 bullfrogs
  A gnoll sergeant (D:5)
  2 necrophages
  2 scorpions
  A wight (D:7)
  2 killer bees (D:7)
  3 howler monkeys
  A jelly (D:4)
  3 orc priests
  4 hounds
  3 iguanas
  Terence (D:3)
  Natasha (thrice) (D:4)
  2 orc wizards (D:5)
  7 gnolls
  14 adders
  A river rat (D:4)
  A white imp (D:6)
  A worm (D:4)
  9 dart slugs
  17 orcs
  13 bats
  5 endoplasms
  10 giant cockroaches
  6 goblins
  3 hobgoblins
  6 jackals
  5 kobolds
  7 quokkas
  13 ball pythons
  11 frilled lizards
  9 rats
179 creatures vanquished.

Vanquished Creatures (others)
  8 fungi (D:6)
8 creatures vanquished.

Grand Total: 187 creatures vanquished

Notes
Turn   | Place    | Note
-------+----------+-------------------------------------------
     0 | D:1      | qw the Tengu Warper began the quest for the Orb.
     0 | D:1      | Reached XP level 1. HP: 12/12 MP: 4/4
     0 | D:1      | 0 ||| qw: Version: 0.1-a-89-g26bdef1
     0 | D:1      | 0 ||| qw: Game counter: 453
     0 | D:1      | 0 ||| qw: Always use a shield: true
     0 | D:1      | 0 ||| qw: God list: Okawaru
     0 | D:1      | 0 ||| qw: Allow faded altars: false
     0 | D:1      | 0 ||| qw: Do Orc after D:15 true
     0 | D:1      | 0 ||| qw: Do second Lair branch before Depths: true
     0 | D:1      | 0 ||| qw: Lair rune preference: random
     0 | D:1      | 0 ||| qw: Plans: Normal
     0 | D:1      | 0 ||| PLANNING D:1-11
   221 | D:1      | 221 ||| DROPPING +0 club.
   404 | D:1      | Reached skill level 3 in Axes
   404 | D:1      | Reached XP level 2. HP: 15/17 MP: 6/6
   469 | D:1      | 469 ||| Stepping ~*~*~tactically~*~*~ (stealth).
   470 | D:1      | 470 ||| Stepping ~*~*~tactically~*~*~ (stealth).
   615 | D:1      | 615 ||| Stepping ~*~*~tactically~*~*~ (stealth).
   616 | D:1      | 616 ||| Stepping ~*~*~tactically~*~*~ (stealth).
   627 | D:1      | 627 ||| Stepping ~*~*~tactically~*~*~ (stealth).
   652 | D:1      | Reached XP level 3. HP: 21/21 MP: 7/7
   733 | D:1      | 733 ||| Stepping ~*~*~tactically~*~*~ (hiding).
   734 | D:1      | 734 ||| Stepping ~*~*~tactically~*~*~ (hiding).
  1018 | D:1      | 1018 ||| UPGRADING to +0 chain mail.
  1028 | D:1      | 1028 ||| DROPPING +0 leather armour.
  1029 | D:1      | 1029 ||| READING scroll labelled GOORUOPHEL.
  1030 | D:1      | 1030 ||| READING scroll labelled LUON QASA PIGO.
  1031 | D:1      | 1031 ||| READING 2 scrolls labelled ZIGEVADDUCW.
  1032 | D:1      | 1032 ||| READING 2 scrolls labelled INGEDGH POMMEU.
  1033 | D:1      | 1033 ||| READING scroll labelled KUAS BICHOFI.
  1038 | D:1      | 1038 ||| DRINKING 2 fizzy cyan potions.
  1039 | D:1      | 1039 ||| DROPPING scroll of blinking.
  1040 | D:1      | 1040 ||| DROPPING scroll of vulnerability.
  1096 | D:2      | Reached skill level 4 in Axes
  1198 | D:2      | 1198 ||| Stepping ~*~*~tactically~*~*~ (stealth).
  1211 | D:2      | 1211 ||| Stepping ~*~*~tactically~*~*~ (stealth).
  1553 | D:2      | Found a faded altar of an unknown god.
  1654 | D:2      | Reached XP level 4. HP: 26/26 MP: 8/8
  1946 | D:2      | Identified the +2 robe of the Trombone {*Corrode rF+ Str+4
                  | Dex+2}
  2005 | D:2      | 2005 ||| READING scroll labelled CEAROO LATHRO.
  2006 | D:2      | 2006 ||| READING scroll labelled VEQUAN VOOPLEUHU.
  2156 | D:2      | 2156 ||| READING scroll labelled HOHUOSI LIAVY.
  2157 | D:2      | 2157 ||| DRINKING 2 bubbling ruby potions.
  2191 | D:2      | 2191 ||| READING 3 scrolls of identify.
  2191 | D:2      | 2191 ||| IDENTIFYING pink potion
  2192 | D:2      | 2192 ||| READING 2 scrolls of identify.
  2192 | D:2      | 2192 ||| IDENTIFYING fuming red potion
  2193 | D:2      | 2193 ||| DROPPING potion of magic.
  2194 | D:2      | 2194 ||| DROPPING potion of lignification.
  2236 | D:3      | Noticed a bullfrog
  2236 | D:3      | Found a glowing silver altar of Zin.
  2245 | D:3      | Killed a bullfrog
  2246 | D:3      | Reached skill level 5 in Axes
  2246 | D:3      | Gained mutation: Your magical nature lets you fly swiftly
                  | and evasively. [Tengu growth]
  2246 | D:3      | Reached XP level 5. HP: 22/30 MP: 9/9
  2246 | D:3      | 2246 ||| STAIRDANCE
  2321 | D:3      | Found a glowing golden altar of the Shining One.
  2329 | D:3      | 2329 ||| Stepping randomly (stuck).
  2366 | D:3      | Reached skill level 6 in Axes
  2517 | D:3      | 2517 ||| Stepping ~*~*~tactically~*~*~ (hiding).
  2547 | D:3      | 2547 ||| Stepping ~*~*~tactically~*~*~ (hiding).
  2655 | D:3      | Noticed Terence
  2665 | D:3      | Killed Terence
  2666 | D:3      | Reached XP level 6. HP: 21/35 MP: 10/10
  2777 | D:3      | 2777 ||| Stepping ~*~*~tactically~*~*~ (stealth).
  2982 | D:3      | Found a runed translucent door.
  3051 | D:3      | Noticed qw's ghost (weakling TeWr)
  3145 | D:3      | Found a runed translucent door.
  3522 | D:3      | 3522 ||| READING scroll labelled FUWOFR GYUTT.
  3522 | D:3      | Identified a scroll of acquirement
  3522 | D:3      | 3522 ||| ACQUIRING +2 broad axe of electrocution
  3522 | D:3      | Acquired a +2 broad axe of electrocution
  3524 | D:3      | 3524 ||| SWAPPING to +2 broad axe of electrocution.
  3525 | D:3      | 3525 ||| DROPPING +1 hand axe.
  3553 | D:4      | 3553 ||| PLANNING SEWER
  3570 | D:4      | Noticed Natasha
  3571 | D:4      | 3571 ||| FLEEEEING.
  3572 | D:4      | 3572 ||| FLEEEEING.
  3573 | D:4      | 3573 ||| STAIRDANCE
  3675 | D:4      | 3675 ||| Stepping ~*~*~tactically~*~*~ (hiding).
  3677 | D:4      | 3677 ||| Stepping ~*~*~tactically~*~*~ (hiding).
  3682 | D:4      | Killed Natasha
  3683 | D:4      | Reached skill level 7 in Axes
  3748 | D:4      | Identified the +1 robe of Fumab {rF+ Will+ Regen+ Dex-5}
  3770 | D:4      | Found a broken altar of Ashenzari.
  3818 | D:4      | Reached skill level 3 in Fighting
  3821 | D:4      | 3821 ||| FLEEEEING.
  3822 | D:4      | 3822 ||| FLEEEEING.
  3825 | D:4      | 3825 ||| FLEEEEING.
  3826 | D:4      | 3826 ||| FLEEEEING.
  3827 | D:4      | 3827 ||| FLEEEEING.
  3828 | D:4      | 3828 ||| FLEEEEING.
  3829 | D:4      | 3829 ||| FLEEEEING.
  3830 | D:4      | 3830 ||| FLEEEEING.
  3831 | D:4      | 3831 ||| FLEEEEING.
  3832 | D:4      | 3832 ||| FLEEEEING.
  3840 | D:4      | 3840 ||| STAIRDANCE
  3976 | D:4      | Reached XP level 7. HP: 41/41 MP: 11/11
  4009 | D:4      | Found Mejer's Antique Weapon Shoppe.
  4041 | D:4      | 4041 ||| Stepping ~*~*~tactically~*~*~ (stealth).
  4124 | D:4      | 4124 ||| Stepping ~*~*~tactically~*~*~ (stealth).
  4349 | D:4      | 4349 ||| RIP SEWER
  4352 | D:4      | 4352 ||| PLANNING D:1-11
  4627 | D:4      | 4627 ||| Stepping ~*~*~tactically~*~*~ (stealth).
  4678 | D:4      | 4678 ||| READING scroll of enchant weapon.
  4678 | D:4      | 4678 ||| ENCHANTING +2 broad axe of electrocution.
  4772 | D:4      | 4772 ||| Stepping ~*~*~tactically~*~*~ (stealth).
  4816 | D:4      | Noticed Natasha
  4817 | D:4      | 4817 ||| Stepping ~*~*~tactically~*~*~ (stealth).
  4819 | D:4      | 4819 ||| Stepping ~*~*~tactically~*~*~ (hiding).
  4824 | D:4      | Killed Natasha
  4825 | D:4      | Reached skill level 8 in Axes
  4828 | D:4      | 4828 ||| FLEEEEING.
  4894 | D:4      | 4894 ||| Stepping ~*~*~tactically~*~*~ (stealth).
  4895 | D:4      | 4895 ||| Stepping ~*~*~tactically~*~*~ (stealth).
  4897 | D:4      | 4897 ||| Stepping ~*~*~tactically~*~*~ (stealth).
  4898 | D:4      | 4898 ||| Stepping ~*~*~tactically~*~*~ (stealth).
  4941 | D:4      | 4941 ||| READING 2 scrolls of identify.
  4941 | D:4      | 4941 ||| IDENTIFYING murky brown potion
  4942 | D:4      | 4942 ||| DROPPING potion of flight.
  4984 | D:5      | Entered Level 5 of the Dungeon
  5021 | D:5      | 5021 ||| Stepping ~*~*~tactically~*~*~ (stealth).
  5154 | D:5      | 5154 ||| FLEEEEING.
  5155 | D:5      | 5155 ||| FLEEEEING.
  5156 | D:5      | 5156 ||| FLEEEEING.
  5161 | D:5      | 5161 ||| FLEEEEING.
  5162 | D:5      | 5162 ||| FLEEEEING.
  5165 | D:5      | 5165 ||| FLEEEEING.
  5166 | D:5      | 5166 ||| FLEEEEING.
  5167 | D:5      | 5167 ||| FLEEEEING.
  5168 | D:5      | 5168 ||| FLEEEEING.
  5169 | D:5      | 5169 ||| FLEEEEING.
  5170 | D:5      | 5170 ||| FLEEEEING.
  5171 | D:5      | 5171 ||| FLEEEEING.
  5172 | D:5      | 5172 ||| FLEEEEING.
  5173 | D:5      | 5173 ||| FLEEEEING.
  5174 | D:5      | 5174 ||| FLEEEEING.
  5175 | D:5      | 5175 ||| FLEEEEING.
  5176 | D:5      | 5176 ||| FLEEEEING.
  5177 | D:5      | 5177 ||| FLEEEEING.
  5178 | D:5      | 5178 ||| FLEEEEING.
  5179 | D:5      | 5179 ||| FLEEEEING.
  5180 | D:5      | 5180 ||| STAIRDANCE
  5268 | D:4      | Noticed Natasha
  5276 | D:4      | Killed Natasha
  5352 | D:5      | 5352 ||| FLEEEEING.
  5353 | D:5      | 5353 ||| FLEEEEING.
  5354 | D:5      | 5354 ||| FLEEEEING.
  5355 | D:5      | 5355 ||| FLEEEEING.
  5356 | D:5      | 5356 ||| FLEEEEING.
  5357 | D:5      | 5357 ||| FLEEEEING.
  5358 | D:5      | 5358 ||| STAIRDANCE
  5531 | D:5      | 5531 ||| DROPPING +0 whip.
  5544 | D:5      | Reached skill level 9 in Axes
  5771 | D:5      | Reached skill level 3 in Armour
  5771 | D:5      | Reached XP level 8. HP: 46/46 MP: 12/12
  5892 | D:5      | Found an opulent altar of Gozag.
  5925 | D:5      | 5925 ||| Stepping ~*~*~tactically~*~*~ (hiding).
  5983 | D:5      | 5983 ||| DROPPING +0 mace of draining.
  6002 | D:5      | HP: 9/48 [gnoll sergeant/+0 spear (9)]
  6003 | D:5      | 6003 ||| READING 2 scrolls of teleportation.
  6004 | D:5      | 6004 ||| DRINKING 4 potions of heal wounds.
  6009 | D:5      | HP: 11/48 [orc/+0 short sword (2)]
  6010 | D:5      | 6010 ||| READING scroll of teleportation.
  6011 | D:5      | 6011 ||| DRINKING 3 potions of heal wounds.
  6113 | D:5      | 6113 ||| Stepping ~*~*~tactically~*~*~ (stealth).
  6118 | D:5      | 6118 ||| DRINKING 3 potions of curing.
  6118 | D:5      | 6118 ||| (to cure confusion)
  6349 | D:5      | Reached skill level 10 in Axes
  6349 | D:5      | 6349 ||| Stepping ~*~*~tactically~*~*~ (hiding).
  6455 | D:5      | 6455 ||| Stepping ~*~*~tactically~*~*~ (hiding).
  6832 | D:5      | 6832 ||| UPGRADING to +0 cloak.
  6837 | D:5      | 6837 ||| READING scroll labelled HOFOIF ZIQASS.
  6838 | D:5      | 6838 ||| READING scroll labelled PUCRABL GAOMM.
  6839 | D:5      | 6839 ||| DRINKING 2 metallic ruby potions.
  6840 | D:5      | 6840 ||| DROPPING potion of degeneration.
  7323 | D:6      | Found a bloodstained altar of Trog.
  7329 | D:6      | Reached XP level 9. HP: 54/54 MP: 13/13
  7425 | D:6      | 7425 ||| Stepping ~*~*~tactically~*~*~ (stealth).
  7427 | D:6      | 7427 ||| Stepping ~*~*~tactically~*~*~ (stealth).
  7428 | D:6      | 7428 ||| Stepping ~*~*~tactically~*~*~ (stealth).
  7434 | D:6      | 7434 ||| Stepping ~*~*~tactically~*~*~ (stealth).
  7435 | D:6      | 7435 ||| Stepping ~*~*~tactically~*~*~ (stealth).
  7738 | D:6      | Found a white marble altar of Elyvilon.
  7833 | D:6      | 7833 ||| Stepping ~*~*~tactically~*~*~ (stealth).
  7835 | D:6      | 7835 ||| Stepping ~*~*~tactically~*~*~ (stealth).
  7844 | D:6      | Reached skill level 11 in Axes
  7943 | D:6      | 7943 ||| READING scroll labelled CAWEUS QEOGG.
  7944 | D:6      | 7944 ||| DRINKING 2 orange potions.
  7945 | D:6      | 7945 ||| READING 4 scrolls of identify.
  7945 | D:6      | 7945 ||| IDENTIFYING golden potion
  7992 | D:7      | Found a staircase to the Ecumenical Temple.
  7993 | D:7      | 7993 ||| PLANNING TEMPLE
  7996 | D:7      | 7996 ||| STAIRDANCE
  8061 | D:7      | 8061 ||| STAIRDANCE
  8104 | Temple   | Entered the Ecumenical Temple
  8113 | Temple   | Became a worshipper of Warmaster Okawaru
  8132 | Temple   | 8132 ||| PLANNING D:1-11
  8181 | D:7      | Noticed Maggie
  8187 | D:7      | HP: 10/54 [iguana (7)]
  8188 | D:7      | 8188 ||| READING 2 scrolls of teleportation.
  8189 | D:7      | 8189 ||| DRINKING 2 potions of heal wounds.
  8190 | D:7      | Killed from afar by a shadow imp

Levels and vault maps discovered:
D:1:      pf_arrival_petrified_forest, layout_loops_corners
D:2:      layout_loops_cross, chequers_ecumenical_altar_island,
          minmay_lizard_pond
D:3:      layout_rooms, overflow_temple_1_default,
          mainiacjoe_overflow_cross_hatched, ebering_ghost_sewer_f,
          minmay_misc_feat_cross, minmay_snake_closets, uniq_terence
D:4:      layout_cave_pools, nicolae_ashenzari_skybound, portal_sewer_entry_e,
          serial_shops, shop, item_on_display_a, uniq_natasha
D:5:      layout_gridville, grunt_gozag_breadcrumbs, kennysheep_generic_room_7
D:6:      layout_loops_ring, kennysheep_little_box, trog_butcher_becter,
          serial_aquarium, aquarium_bridge_square [aquarium_subvault_window,
          aquarium_subvault_bridge, aquarium_subvault_balcony,
          aquarium_subvault_bridge], aquarium_bridge_long_joined
          [aquarium_subvault_wall, aquarium_subvault_bridge,
          aquarium_subvault_bridge, aquarium_subvault_bridge,
          aquarium_subvault_bridge, aquarium_subvault_window],
          aquarium_window_1, aquarium_window_fake, aquarium_window_2,
          aquarium_window_fake, aquarium_view_2c, aquarium_view_2a
D:7:      layout_cave_pools, worldfamousw_hep_ancestral_shrine,
          minmay_temple_entry_butterflies, serial_demonic, serial_demonic_c,
          serial_demonic_c, serial_demonic_b, serial_demonic_c,
          minmay_ruined_shrine, uniq_maggie
Temple:   nicolae_temple_ecumenical_triangle

Skill      XL: |  1  2  3  4  5  6  7  8  9 |
---------------+----------------------------+-----
Axes           | 3 4 5 6 7 9 10 11 | 11.8
Armour         | 2 3 4 |  4.4
Fighting       | 3 5 |  5.1
Throwing       | |  1.0
Dodging        | |  2.8
Spellcasting   | |  2.0
Translocations | |  2.4

Action                   |  1- 3 |  4- 6 |  7- 9 || total
-------------------------+-------+-------+-------++-------
Melee: Hand axe          |   101 |    97 |       ||   198
       Kick              |    14 |    27 |    51 ||    92
       Peck              |    13 |    18 |    30 ||    61
       Broad axe         |       |    24 |   200 ||   224
       Punch             |       |     1 |       ||     1
Throw: Boomerang         |     7 |       |    36 ||    43
  Use: Scroll            |     5 |     6 |     9 ||    20
       Potion            |     1 |     1 |     6 ||     8
Armor: Leather armour    |    14 |       |       ||    14
       Chain mail        |    29 |    59 |   111 ||   199
Dodge: Dodged            |    45 |    38 |    75 ||   158

Table legend:
 A = Non-vault XP
 B = Vault XP
 C = Vault XP percentage of total XP
 D = Non-vault monster count
 E = Vault monster count
 F = Vault count percentage of total count
                 A         B        C        D         E       F
            +---------+---------+-------+---------+---------+-------
      Total |    2873 |     614 |  17.6 |     143 |      36 |  20.1
            +---------+---------+-------+---------+---------+-------
        D:1 |      44 |       0 |   0.0 |      25 |       0 |   0.0
        D:2 |      52 |       7 |  11.9 |      24 |       7 |  22.6
        D:3 |     213 |     124 |  36.8 |      13 |      13 |  50.0
        D:4 |     431 |      61 |  12.4 |      28 |       9 |  24.3
        D:5 |    1030 |     137 |  11.7 |      32 |       3 |   8.6
        D:6 |     509 |     285 |  35.9 |      12 |       4 |  25.0
        D:7 |     594 |       0 |   0.0 |       9 |       0 |   0.0
            +---------+---------+-------+---------+---------+-------
